 Dungeon Crawl Stone Soup version 0.28.0 (webtiles) character file.

Game seed: 9898089102316686897

10567 KamiKatze the Cleaver (level 11, -6/106 HPs)
             Began as a Gargoyle Berserker on Feb 9, 2022.
             Was a High Priest of Trog.
             Mangled by a fire elemental (8 damage)
             ... summoned by a deep elf pyromancer
             ... on level 9 of the Dungeon on Feb 10, 2022.
             The game lasted 01:05:30 (11807 turns).

KamiKatze the Cleaver (Gargoyle Berserker)         Turns: 11807, Time: 01:05:30

Health: -6/106     AC: 21    Str: 28    XL:     11   Next: 64%
Magic:  0/11       EV: 15    Int:  8    God:    Trog [*****.]
Gold:   707        SH:  0    Dex: 17    Spells: 10/10 levels left

rFire   . . .      SeeInvis .   a - +0 war axe
rCold   . . .      Faith    .   (no shield)
rNeg    + . .      Spirit   +   y - +3 leather armour {Will+}
rPois   ∞          Reflect  .   d - +1 helmet
rElec   +          Harm     .   r - +2 cloak
rCorr   .          Rampage  .   (no gloves)
Will    ++++.                   (no boots)
Stlth   ..........              K - amulet of guardian spirit
HPRegen 1.27/turn               G - ring "Ucsaru" {Str+5 Dex+6}
MPRegen 0.12/turn               B - ring of willpower

@: berserking (expiring), strong-willed, regenerating, very quick
A: sickness immunity, AC +8, negative energy resistance 1, electricity
resistance, torment resistance 1, petrification resistance
a: Renounce Religion, Berserk, Trog's Hand, Brothers in Arms


You were on level 9 of the Dungeon.
You worshipped Trog.
Trog was extremely pleased with you.
You visited 4 branches of the dungeon, and saw 13 of its levels.
You also visited: Bailey.

You collected 707 gold pieces.

Inventory:

Hand Weapons
 a - a +0 war axe (weapon)
 b - a +4 battleaxe of freezing
 t - a +0 hand axe
 w - a +2 morningstar
 H - a +2 short sword of flaming
Missiles
 f - 28 poisoned darts (quivered)
 I - 83 stones
Armour
 d - a +1 helmet (worn)
 j - the +6 chain mail of Springtime {rN+ Str+2 Int-4}
   (You found it in a bailey)

   Str:       It affects your strength (+2).
   Int:       It affects your intelligence (-4).
   rN:        It protects you from negative energy.
 o - a +0 cloak of willpower
 r - a +2 cloak (worn)
 u - a +0 scale mail of fire resistance
 x - +0 acid dragon scales
 y - a +3 leather armour of willpower (worn)
 C - a +2 ring mail of positive energy
 F - the +1 chain mail "Beecsou" {SInv}
   (You found it in a bailey)

   SInv:      It lets you see invisible.
Jewellery
 B - a ring of willpower (right hand)
 G - the ring "Ucsaru" (left hand) {Str+5 Dex+6}
   (You found it on level 7 of the Dungeon)

   [ring of dexterity]

   Str:       It affects your strength (+5).
   Dex:       It affects your dexterity (+6).
 J - a ring of resist corrosion
 K - an amulet of guardian spirit (around neck)
 M - the dreamshard necklace {*Dream Drain}
   (You took it off a wight on level 9 of the Dungeon)

   [amulet of nothing]

   It shatters if its wearer takes lethal or near-lethal damage, preventing the
   blow and releasing protective dreams that heal and fight for the wearer.
   Drain:     It drains your maximum health when unequipped.
 O - a ring of protection from fire
Wands
 l - a wand of flame (26)
Scrolls
 e - 4 scrolls of teleportation
 n - 3 scrolls of enchant weapon
 p - 4 scrolls of immolation
 E - a scroll of magic mapping
Potions
 g - 5 potions of haste
 i - 4 potions of heal wounds
 k - a potion of ambrosia
 m - 2 potions of brilliance {unknown}
 q - 2 potions of cancellation
 s - 2 potions of magic
 v - 2 potions of degeneration {unknown}
 z - a potion of flight {unknown}
 A - 2 potions of might {unknown}
 D - 5 potions of curing
 Q - a potion of mutation
Miscellaneous
 L - a tin of tremorstones (2/2)


   Skills:
 + Level 9.4 Fighting
 * Level 10.8 Axes
 + Level 9.0 Armour
 + Level 6.8 Dodging
 - Level 3.0 Evocations


You had 10 spell levels left.
You didn't know any spells.
Your spell library was empty.

Dungeon Overview and Level Annotations

Branches:
Dungeon (10/15)            Temple (1/1) D:7            Lair (1/6) D:10
    Orc (1/2) D:9          Bailey (visited)

Altars:
Ashenzari
Cheibriados
Dithmenos
Elyvilon
Fedhas
Gozag
Hepliaklqana
Kikubaaqudgha
Makhleb
Nemelex Xobeh
Okawaru
Qazlal
Ru
Sif Muna
Trog
Uskayaw
Vehumet
Wu Jian
Xom
Yredelemnul
Zin
The Shining One
Beogh

Shops:
D:7 [   D:9 ?   D:10 :

Annotations:
D:9 explore vault (catoblepas?), exclusion: catoblepas
Lair:1 Catoblepas at entry, cannot stairdance!


Innate Abilities, Weirdness & Mutations

You are immune to sickness and miasma.
Your stone body is resilient. (AC +8)
You are immune to poison.
You resist negative energy. (rN+)
You are resistant to electric shocks. (rElec)
You are resistant to unholy torment.
You are immune to petrification.


Message History

You are no longer on fire.
The fire elemental hits you. The fire elemental burns you!
* * * LOW HITPOINT WARNING * * *
The fire elemental closely misses you.
You see here a +0 dagger.
You feel a strong urge to attack something.
You are too berserk!
The deep elf pyromancer gestures at you while chanting.
The bolt of fire misses you.
The bolt of fire hits the fire elemental.
The fire elemental completely resists.
You feel your anger nearly subside.
You barely miss the deep elf pyromancer.
The deep elf pyromancer is severely wounded.
You hit the fire elemental. x2; The fire elemental hits you.
* * * LOW HITPOINT WARNING * * *
You closely miss the deep elf pyromancer.
The deep elf pyromancer is severely wounded.
You closely miss the fire elemental. You slash the fire elemental!
The fire elemental closely misses you.
The deep elf pyromancer hits you but does no damage.
The fire elemental barely misses you.
Unknown command.
You closely miss the deep elf pyromancer.
The deep elf pyromancer is severely wounded.
You closely miss the fire elemental. You hit the fire elemental.
You slash the fire elemental! The fire elemental hits you.
The fire elemental burns you!
* * * LOW HITPOINT WARNING * * *
The fire elemental hits you.
* * * LOW HITPOINT WARNING * * *
The fire elemental burns you!
* * * LOW HITPOINT WARNING * * *
The deep elf pyromancer misses you.
You closely miss the deep elf pyromancer.
The deep elf pyromancer is severely wounded.
You barely miss the fire elemental. You slash the fire elemental!
You hit the fire elemental. The fire elemental barely misses you.
The fire elemental hits you. The fire elemental burns you!
You die...

############..###################
############..###################
................................[
.......................[.........
.>.....................).........
......)...............###########
.)[....)..............#
.>...................)#
)))............E@e...)#
...8#..........EE.....#
#'###.......°°°°.....)###########
)[[.#.........°.......∩..........
[...#............................
._..###########.###########..####
....# #.# ##.## ....# #.# ##..##
##### #.# ######....#


You could see a deep elf pyromancer and 3 fire elementals.

Vanquished Creatures
  A two-headed ogre (D:9)
  An ugly thing (D:9)
  A kobold demonologist (D:9)
  A gargoyle (Bailey)
  3 trolls
  2 vampires (Bailey)
  2 wyverns (D:9)
  15 yaks
  A warg (Orc:1)
  5 acid dragons
  A water moccasin (D:8)
  An ice beast (D:5)
  A sky beast (D:5)
  7 orc warriors
  2 necrophages (D:4)
  5 ogres
  A hornet zombie (D:5)
  A centaur (D:8)
  2 kobold brigands (D:7)
  2 wyvern zombies
  A bullfrog (D:9)
  6 killer bees (D:9)
  14 wights
  5 howler monkeys
  8 vampire bats (Bailey)
  6 wolf zombies (Bailey)
  A bullfrog zombie (D:5)
  2 hounds (D:5)
  3 centaur zombies
  2 jellies (D:7)
  6 orc priests
  Crazy Yiuf (D:2)
  Ijyb (D:4)
  5 iguanas
  11 orc wizards
  A killer bee zombie (D:9)
  A hound zombie (D:5)
  2 hound skeletons (D:4)
  Robin (D:2)
  5 howler monkey zombies
  A howler monkey skeleton (D:7)
  6 adders
  3 white imps
  A worm (D:2)
  6 dart slugs
  45 orcs
  12 ball pythons
  2 bats
  9 endoplasms
  3 giant cockroaches
  24 goblins
  3 hobgoblins
  8 jackals
  7 quokkas
  5 frilled lizards
  17 kobolds
  15 orc zombies (Bailey)
  2 rats (D:2)
306 creatures vanquished.

Vanquished Creatures (others)
  A plant (D:5)
1 creature vanquished.

Grand Total: 307 creatures vanquished

Notes
Turn   | Place    | Note
-------+----------+-------------------------------------------
     0 | D:1      | KamiKatze the Gargoyle Berserker began the quest for the
                  | Orb.
     0 | D:1      | Reached XP level 1. HP: 14/14 MP: 1/1
   127 | D:1      | Reached XP level 2. HP: 8/19 MP: 2/2
   450 | D:1      | Reached skill level 3 in Axes
   682 | D:1      | Reached XP level 3. HP: 16/23 MP: 3/3
  1133 | D:2      | Reached ** piety under Trog
  1159 | D:2      | Found a shimmering altar of Xom.
  1213 | D:2      | Reached XP level 4. HP: 29/29 MP: 4/4
  1415 | D:2      | Noticed Robin
  1448 | D:2      | Reached XP level 5. HP: 32/33 MP: 5/5
  1489 | D:2      | Killed Robin
  1901 | D:2      | Found a runed translucent door.
  1902 | D:2      | Noticed Crazy Yiuf
  1909 | D:2      | Killed Crazy Yiuf
  1910 | D:2      | Reached skill level 4 in Axes
  2253 | D:3      | Reached XP level 6. HP: 33/38 MP: 6/6
  2752 | D:4      | Found an iron altar of Okawaru.
  2768 | D:4      | Noticed a necrophage
  2788 | D:4      | Killed a necrophage
  2789 | D:4      | Reached XP level 7. HP: 31/44 MP: 7/7
  2847 | D:4      | Reached *** piety under Trog
  2889 | D:4      | Reached skill level 5 in Axes
  3079 | D:4      | Reached skill level 5 in Fighting
  3166 | D:4      | Noticed Ijyb
  3171 | D:4      | Killed Ijyb
  3353 | D:5      | Entered Level 5 of the Dungeon
  3639 | D:5      | Reached XP level 8. HP: 45/50 MP: 8/8
  3728 | D:5      | Reached skill level 6 in Axes
  3953 | D:6      | Reached skill level 5 in Armour
  4525 | D:6      | Reached **** piety under Trog
  4738 | D:6      | Reached skill level 7 in Axes
  4738 | D:6      | Reached XP level 9. HP: 38/56 MP: 9/9
  5280 | D:7      | Identified the ring "Ucsaru" {Str+5 Dex+6}
  5518 | D:7      | Reached skill level 1 in Evocations
  5562 | D:7      | Found a staircase to the Ecumenical Temple.
  5573 | Temple   | Entered the Ecumenical Temple
  5781 | D:7      | Found Utifri's Armour Emporium.
  7047 | D:8      | Reached skill level 8 in Axes
  7187 | D:8      | Reached skill level 5 in Dodging
  7314 | D:9      | Found Suufuron's Magic Scroll Emporium.
  7406 | D:9      | Found a flagged portal.
  7475 | Bailey   | Entered a bailey
  7858 | Bailey   | Reached ***** piety under Trog
  7859 | Bailey   | Reached XP level 10. HP: 61/63 MP: 10/10
  8033 | Bailey   | Noticed a gargoyle
  8050 | Bailey   | Killed a gargoyle
  8124 | Bailey   | Identified the +6 chain mail of Springtime {rN+ Str+2
                  | Int-4}
  8352 | Bailey   | Reached skill level 9 in Axes
  8426 | Bailey   | Identified the +1 chain mail "Beecsou" {SInv}
  8871 | D:9      | Noticed a two-headed ogre
  8931 | D:9      | Killed a two-headed ogre
  9130 | D:9      | Noticed a kobold demonologist
  9143 | D:9      | Noticed a soul eater
  9149 | D:9      | Killed a kobold demonologist
  9150 | D:9      | Reached XP level 11. HP: 69/69 MP: 11/11
  9410 | D:9      | Reached skill level 10 in Axes
  9623 | D:9      | Found a staircase to the Orcish Mines.
  9969 | D:9      | Noticed a red ugly thing
  9999 | D:9      | Killed a red ugly thing
 10178 | D:10     | Entered Level 10 of the Dungeon
 10293 | D:10     | Found Bonwyekh's Book Shop.
 10590 | D:10     | Found a staircase to the Lair.
 10896 | D:9      | Identified the +4 chain mail "Unkyev" {rN+ Slay+3}
 10898 | D:9      | Noticed a catoblepas
 11086 | Lair:1   | Entered Level 1 of the Lair of Beasts
 11086 | Lair:1   | Noticed a catoblepas
 11182 | Orc:1    | Entered Level 1 of the Orcish Mines
 11460 | D:9      | Noticed a two-headed ogre
 11791 | D:9      | Noticed a deep elf pyromancer
 11806 | D:9      | HP: 1/106 [fire elemental[a deep elf pyromancer] (8)]
 11807 | D:9      | Mangled by a fire elemental

Illustrated notes

Levels and vault maps discovered:
D:1:      lordsloth_arrival_two_stooges, layout_loops_cross, chequers_jeans,
          grunt_decor_cap, nicolae_concentric_dashed_squares_wild
D:2:      layout_rooms, basic_altar, uniq_crazy_yiuf_cottage, uniq_robin
D:3:      layout_rooms, solitary_fountain, grunt_decor_arrowhead
D:4:      kennysheep_goblin_castle, layout_rooms, okawaru_gym_becter
D:5:      layout_basic, amcnicky_mini_corridor_feature, serial_bayou_crossing
D:6:      layout_cave_pods
D:7:      layout_basic, minmay_temple_entry_mist, serial_shops, kennysheep_mini
D:8:      layout_gridville, columned_hall_lemuel
D:9:      minmay_the_grid_octo_triangle [minmay_the_grid_octo_chip,
          minmay_the_grid_octo_prize_star, minmay_the_grid_octo_odd_swirl],
          layout_long_grid, minmay_orc_entry_temple_small, serial_shops,
          nicolae_stop_n_shop_2, enter_bailey_1, minmay_puff
D:10:     layout_roguey, lair_entry_dummy, serial_shops, nicolae_lakefront_shop
Temple:   nicolae_temple_the_god_donut
Lair:1:   layout_loops_ring, infiniplex_staircase_pool, grunt_megastairs_3,
          lemuel_fruit_fields, lemuel_fruit_fields, lemuel_fruit_fields,
          uniq_erica
Orc:1:    layout_caves

Skill      XL: |  1  2  3  4  5  6  7  8  9 10 11 |
---------------+----------------------------------+-----
Axes           | 3 4 5 7 8 9 10 | 10.8
Dodging        | 2 3 4 5 6 |  6.8
Armour         | 3 4 5 7 8 9 |  9.0
Fighting       | 4 5 6 7 8 9 |  9.4
Evocations     | 1 3 |  3.0

Action                   |  1- 3 |  4- 6 |  7- 9 | 10-12 || total
-------------------------+-------+-------+-------+-------++-------
Melee: Hand axe          |   104 |   183 |   578 |    87 ||   952
       Punch             |       |     3 |     6 |     8 ||    17
       War axe           |       |       |       |   304 ||   304
       Battleaxe         |       |       |       |    27 ||    27
Throw: Dart              |       |       |     3 |       ||     3
Invok: Berserk           |     2 |     4 |     8 |    13 ||    27
       Trog's Hand       |       |       |     2 |     3 ||     5
  Use: Scroll            |       |       |    16 |     1 ||    17
Armor: Animal skin       |     9 |       |       |       ||     9
       Ring mail         |    28 |   102 |   156 |       ||   286
       Scale mail        |       |       |   125 |   171 ||   296
       Chain mail        |       |       |       |    27 ||    27
       Leather armour    |       |       |       |    68 ||    68
Dodge: Dodged            |    57 |   105 |   345 |   339 ||   846
